 Seeded DCSS version 0.31-a0-75-g6fe912e8c5 (webtiles) character file.

Game seed: 12735965570273765983 (custom seed)

345 Pimp the Shield-Bearer (level 6, -1/47 HPs)
             Began as a Gnoll Wanderer on May 22, 2023.
             Slain by a jelly (3 damage)
             ... on level 4 of the Dungeon on May 23, 2023.
             The game lasted 00:07:27 (2931 turns).

Pimp the Shield-Bearer (Gnoll Wanderer)             Turns: 2931, Time: 00:07:27

Health: -1/47      AC: -10   Str: 13    XL:     6   Next: 58%
Magic:  9/9        EV: 19    Int: 11    God:
Gold:   109        SH: 11    Dex: 14    Spells: 9/9 levels left

rFire   + . .        a - +0 mace
rCold   + + .        c - +0 buckler
rNeg    . . .        b - +2 leather armour
rPois   +            (no helmet)
rElec   .            h - +2 cloak of Eternal Vigilance {rPois Str+2 SInv}
rCorr   .            m - +0 pair of gloves
SInv    +            (no boots)
Will    +....        e - amulet "Cuczekhoo" {Reflect rF+ rC++ Will+ SH+5}
Stlth   ++           j - +5 ring of evasion
HPRegen 0.27/turn    (no ring)
MPRegen 0.11/turn

%: reflection
@: corroded
A: fangs 1, strong nose, distributed training
a: no special abilities


You were on level 4 of the Dungeon.
You visited 1 branch of the dungeon, and saw 4 of its levels.
You also visited: Ossuary.

You collected 109 gold pieces.

Inventory:

Hand Weapons
 a - a +0 mace (weapon)
Armour
 b - a +2 leather armour (worn)
 c - a +0 buckler (worn)
 h - the +2 cloak of Eternal Vigilance (worn) {rPois Str+2 SInv}
   (You acquired it on level 1 of the Dungeon)

   Str:       It affects your strength (+2).
   rPois:     It protects you from poison.
   SInv:      It lets you see invisible.
 m - a +0 pair of gloves (worn)
Jewellery
 e - the amulet "Cuczekhoo" (around neck) {Reflect rF+ rC++ Will+ SH+5}
   (You acquired it on level 1 of the Dungeon)

   [amulet of reflection]

   It reflects blocked missile attacks.
   rF:        It protects you from fire.
   rC:        It greatly protects you from cold.
   SH:        It affects your SH (+5).
   Will:      It increases your willpower.
 j - a +5 ring of evasion (left hand)
 o - a ring of magical power
 q - an amulet of the acrobat
Wands
 B - a wand of light (9)
 C - a wand of paralysis (11)
Scrolls
 f - 2 scrolls of identify
 p - a scroll of amnesia {unknown}
 s - 2 scrolls of blinking {unknown}
 v - a scroll of fear {unknown}
 w - a scroll of torment {unknown}
 y - 2 scrolls of fog {unknown}
 A - a scroll of enchant weapon {unknown}
Potions
 d - 2 potions of attraction
 g - 7 potions of degeneration
 i - a potion of heal wounds
 k - 2 potions of brilliance
 l - 6 potions of mutation
 n - a potion of ambrosia {unknown}
 r - a potion of curing
 t - 2 potions of resistance {unknown}
 u - a potion of haste {unknown}
 x - a potion of might {unknown}
 z - a potion of enlightenment {unknown}


   Skills:
 + Level 3.3 Fighting
 + Level 2.1 Short Blades
 + Level 2.1 Long Blades
 + Level 2.1 Axes
 + Level 3.3 Maces & Flails
 + Level 2.1 Polearms
 + Level 2.1 Staves
 + Level 2.1 Ranged Weapons
 + Level 3.3 Throwing
 + Level 2.1 Armour
 + Level 6.9 Dodging
 + Level 3.2 Stealth
 + Level 6.9 Shields
 + Level 2.1 Unarmed Combat
 + Level 2.1 Spellcasting
 + Level 1.6 Conjurations
 + Level 1.6 Hexes
 + Level 1.6 Summonings
 + Level 1.6 Necromancy
 + Level 1.6 Translocations
 + Level 1.6 Transmutations
 + Level 1.6 Fire Magic
 + Level 1.6 Ice Magic
 + Level 1.6 Air Magic
 + Level 1.6 Earth Magic
 + Level 1.6 Poison Magic
 + Level 2.3 Invocations
 + Level 2.1 Evocations


You had 9 spell levels left.
You didn't know any spells.
Your spell library was empty.

Dungeon Overview and Level Annotations

Branches:
Dungeon (4/15)            Ossuary (visited)
 Temple: D:4-7

Altars:
Dithmenos
Gozag

Shops:
D:3 ?   D:4 =


Innate Abilities, Weirdness & Mutations

You have very sharp teeth.
Your uncanny sense of smell can sniff out nearby items.
Your experience applies equally to all skills.


Message History

The jelly is moderately wounded.
You block the jelly's attack. Why would you want to do that?
It was a potion of heal wounds.
You feel much better. The jelly misses you.
You hit the jelly but do no damage.
Your hands burn!
The jelly is moderately wounded.
You block the jelly's attack.
You hit the jelly but do no damage.
Your hands burn!
The jelly is moderately wounded.
The jelly misses you.
You hit the jelly but do no damage.
Your hands burn!
The jelly is moderately wounded.
The jelly misses you. The jelly closely misses you.
You hit the jelly.
Your hands burn!
The jelly is moderately wounded.
The jelly closely misses you.
You hit the jelly but do no damage. The acid corrodes you!
Your hands burn!
The jelly is moderately wounded.
The jelly completely misses you.
You hit the jelly.
Your hands burn!
The jelly is heavily wounded.
You block the jelly's attack. The jelly attacks as you move away!
The jelly barely misses you.
There is an open door here.
You hit the jelly. The acid corrodes you!
Your hands burn!
* * * LOW HITPOINT WARNING * * *
The jelly is heavily wounded.
The jelly closely misses you. You block the jelly's attack.
You hit the jelly. The acid corrodes you!
Your hands burn!
* * * LOW HITPOINT WARNING * * *
The jelly is severely wounded.
The jelly hits you.
* * * LOW HITPOINT WARNING * * *
You are splashed with acid!
* * * LOW HITPOINT WARNING * * *
As you read the scroll labelled LOILICE GORIW, it crumbles to dust.
It is a scroll of identify.
k - 2 potions of brilliance The jelly hits you.
You die...

########### #..........
#.######### #.# ##########
#.# .........# #.#
.........#######.#########
........J@................
.........#################
#..#####..# # # #..# #..#
#..# ####


You could see a jelly.

Vanquished Creatures
  A hound (D:4)
  A jelly (D:4)
  A human zombie (D:4)
  Jessica (D:2)
  A human skeleton (D:4)
  An orc wizard (D:3)
  4 mummies (Ossuary)
  3 adders
  An ufetubus (D:4)
  4 worms (D:2)
  3 dart slugs
  2 orcs (D:3)
  7 ball pythons
  5 endoplasms
  A giant cockroach (D:3)
  2 gnoll zombies (Ossuary)
  4 goblins
  10 hobgoblins
  7 jackals
  2 quokkas (D:1)
  4 bats
  3 frilled lizards
  2 hobgoblin zombies (Ossuary)
  5 kobolds
  3 kobold zombies (Ossuary)
  2 orc skeletons (D:4)
  An orc zombie (Ossuary)
  4 rats
85 creatures vanquished.

Notes
Turn   | Place    | Note
-------+----------+-------------------------------------------
     0 | D:1      | Pimp the Gnoll Wanderer began the quest for the Orb.
     0 | D:1      | Pimp set off with the following items: a +0 mace, a +2
                  | leather armour, a +0 buckler, a potion of attraction.
     0 | D:1      | Reached XP level 1. HP: 17/17 MP: 1/1
    42 | D:1      | Identified 2 scrolls of acquirement
    42 | D:1      | Acquired the amulet "Cuczekhoo" {Reflect rF+ rC++ Will+
                  | SH+5}
    43 | D:1      | Acquired the +2 cloak of Eternal Vigilance {rPois Str+2
                  | SInv}
   202 | D:1      | Reached XP level 2. HP: 22/23 MP: 2/2
   608 | D:1      | Reached XP level 3. HP: 28/28 MP: 3/3
   847 | D:2      | Noticed Jessica
   898 | D:2      | Reached skill level 1 in Invocations
   944 | D:2      | Killed Jessica
   945 | D:2      | Reached skill level 1 in Short Blades
   945 | D:2      | Reached skill level 1 in Long Blades
   945 | D:2      | Reached skill level 1 in Axes
   945 | D:2      | Reached skill level 1 in Polearms
   945 | D:2      | Reached skill level 1 in Staves
   945 | D:2      | Reached skill level 1 in Ranged Weapons
   945 | D:2      | Reached skill level 1 in Armour
   945 | D:2      | Reached skill level 1 in Unarmed Combat
   945 | D:2      | Reached skill level 1 in Spellcasting
   945 | D:2      | Reached skill level 1 in Evocations
   945 | D:2      | Reached XP level 4. HP: 5/34 MP: 5/5
  1097 | D:2      | Reached skill level 1 in Conjurations
  1097 | D:2      | Reached skill level 1 in Hexes
  1097 | D:2      | Reached skill level 1 in Summonings
  1097 | D:2      | Reached skill level 1 in Necromancy
  1097 | D:2      | Reached skill level 1 in Translocations
  1097 | D:2      | Reached skill level 1 in Transmutations
  1097 | D:2      | Reached skill level 1 in Fire Magic
  1097 | D:2      | Reached skill level 1 in Ice Magic
  1097 | D:2      | Reached skill level 1 in Air Magic
  1097 | D:2      | Reached skill level 1 in Earth Magic
  1097 | D:2      | Reached skill level 1 in Poison Magic
  1144 | D:2      | Found an opulent altar of Gozag.
  1418 | D:2      | Upgraded the game from 0.31-a0-66-ge618eeaa78 to
                  | 0.31-a0-75-g6fe912e8c5
  1465 | D:3      | Found Liryusam's Magic Scroll Emporium.
  1504 | D:3      | Reached XP level 5. HP: 35/40 MP: 5/7
  2104 | D:4      | Found a sand-covered staircase.
  2135 | Ossuary  | Entered an ossuary
  2331 | Ossuary  | Reached XP level 6. HP: 28/47 MP: 8/8
  2605 | D:4      | Found a shadowy altar of Dithmenos.
  2780 | D:4      | Found Elafyh's Jewellery Emporium.
  2930 | D:4      | HP: 1/47 [acid (8)]
  2931 | D:4      | Slain by a jelly

Illustrated notes

Levels and vault maps discovered:
D:1:      dpeg_arrival_long_road, layout_loops_cross, hex_tiny
D:2:      layout_rooms, basic_altar, uniq_jessica
D:3:      layout_rooms, serial_shops, shop, st_stairs_8, grunt_ministairs_10
D:4:      layout_basic, vehumet_crystals, lemuel_zombie_altar_yredelemnul,
          nicolae_dithmenos_shadow_blocks, nicolae_overflow_two_pavilions,
          serial_shops, kennysheep_mini, nicolae_ossuary_entry_catacombs

Skill      XL: |  1  2  3  4  5  6 |
---------------+-------------------+-----
Invocations    | 1 2 |  2.3
Short Blades   | 1 2 |  2.1
Long Blades    | 1 2 |  2.1
Axes           | 1 2 |  2.1
Polearms       | 1 2 |  2.1
Staves         | 1 2 |  2.1
Ranged Weapons | 1 2 |  2.1
Armour         | 1 2 |  2.1
Unarmed Combat | 1 2 |  2.1
Spellcasting   | 1 2 |  2.1
Evocations     | 1 2 |  2.1
Conjurations   | 1 |  1.6
Hexes          | 1 |  1.6
Summonings     | 1 |  1.6
Necromancy     | 1 |  1.6
Translocations | 1 |  1.6
Transmutations | 1 |  1.6
Fire Magic     | 1 |  1.6
Ice Magic      | 1 |  1.6
Air Magic      | 1 |  1.6
Earth Magic    | 1 |  1.6
Poison Magic   | 1 |  1.6
Fighting       | 3 |  3.3
Maces & Flails | 3 |  3.3
Throwing       | 3 |  3.3
Stealth        | 3 |  3.2
Dodging        | |  6.9
Shields        | |  6.9

Action                     |  1- 3 |  4- 6 || total
---------------------------+-------+-------++-------
  Melee: Mace              |   112 |   288 ||   400
         Bite              |    10 |    40 ||    50
    Use: Scroll            |     2 |     1 ||     3
         Potion            |       |     2 ||     2
   Stab: Sleeping          |     1 |     7 ||     8
 Armour: Leather armour    |    31 |    37 ||    68
  Dodge: Dodged            |    74 |   192 ||   266
  Block: Buckler           |    72 |   167 ||   239
         Reflection        |     1 |     4 ||     5

Table legend: (Time is in decaauts)
 A = Elapsed time spent in this place.
 B = Non-inter-level travel time spent in this place.
 C = Inter-level travel time spent in this place.
 D = Time resting spent in this place.
 E = Time spent auto-exploring this place.
 F = Levels seen in this place.
 G = Mean time per level.
                   A        B        C        D        E       F      G
               +--------+--------+--------+--------+--------+-----+--------+
         Total |   3058 |   3018 |     40 |    240 |   1712 |   5 |  611.6 |
       Dungeon |   2626 |   2586 |     40 |    219 |   1457 |   4 |  656.5 |
       Ossuary |    432 |    432 |      0 |     21 |    255 |   1 |  432.0 |
               +--------+--------+--------+--------+--------+-----+--------+

Top non-repeatable levels by time:
     D:1: 871 daAuts
     D:3: 657 daAuts
     D:2: 603 daAuts
     D:4: 493 daAuts
 Ossuary: 432 daAuts
